 Dungeon Crawl Stone Soup version 0.17.1-1-g73c8601 (webtiles) character file.

8278 Killerpretzel the Devastator (level 11, -3/60 HPs)
             Began as a Deep Elf Conjurer on Dec 15, 2015.
             Was a Priest of Vehumet.
             Slain by a fire bat (9 damage)
             ... on level 8 of the Dungeon.
             The game lasted 02:29:03 (16356 turns).

Killerpretzel the Devastator (Deep Elf Conjurer)   Turns: 16356, Time: 02:29:03

Health: -3/60      AC:  6    Str:  9    XL:     11   Next: 7%
Magic:  4/22       EV: 15    Int: 24    God:    Vehumet [***...]
Gold:   357        SH:  0    Dex: 15    Spells: 5 memorised, 8 levels left

rFire  . . .     SeeInvis .     O - staff of energy
rCold  + . .     Clarity  .     w - +2 robe
rNeg   . . .     SustAt   .     (no shield)
rPois  +         Gourm    .     K - +0 hat of Moajuok {+Fly MR- Int+2}
rElec  .         Spirit   .     S - +0 cloak {+Inv}
rCorr  .         Warding  .     Q - +0 pair of gloves
rMut   .         Stasis   .     (no boots)
MR     .....                    (no amulet)
Stlth  ++........               j - ring of poison resistance
                                e - ring of protection from cold

@: not resistant to hostile enchantments, unstealthy
A: strong 1
a: Renounce Religion, Evoke Invisibility, Evoke Flight


You were on level 8 of the Dungeon.
You worshipped Vehumet.
Vehumet was most pleased with you.
You were not hungry.

You visited 2 branches of the dungeon, and saw 11 of its levels.

You collected 474 gold pieces.
You spent 117 gold pieces at shops.

Inventory:

Hand Weapons
 c - a +1 trident of freezing
 d - a +0 dagger
 i - a +1 short sword of draining
 q - a +1 blowgun
 r - a +0 dagger
 u - a +0 dagger
 v - a +0 hand axe
 x - a +0 dagger
 A - a +0 hunting sling
 B - a +0 dagger
 I - a +0 dagger
Missiles
 g - 14 tomahawks (quivered)
 l - 2 curare-tipped needles
 p - 35 poisoned needles
 t - 106 sling bullets
 y - 4 throwing nets
 F - 2 bolts of frost
 U - 3 exploding tomahawks
Armour
 a - a +0 robe
 k - a +0 helmet
 s - a +1 cloak
 w - a +2 robe (worn)
 K - the +0 hat of Moajuok (worn) {+Fly MR- Int+2}
   (You found it on level 10 of the Dungeon)

   It affects your intelligence (+2).
   It affects your resistance to hostile enchantments.
   It lets you fly.
 Q - a +0 pair of gloves (worn)
 S - a +0 cloak of invisibility (worn)
Magical Staves
 O - an uncursed staff of energy (weapon)
Jewellery
 e - a ring of protection from cold (left hand)
 j - a ring of poison resistance (right hand)
 o - an uncursed ring of positive energy
 G - a cursed -3 ring of evasion {unknown}
Wands
 b - a wand of random effects (26)
 E - a wand of disintegration (2)
 H - a wand of random effects (42)
 L - a wand of lightning (6)
 M - a wand of magic darts (9)
 W - a wand of flame (29)
Scrolls
 m - 3 scrolls of identify
 D - a scroll of amnesia
 P - a scroll of enchant weapon
 R - 2 scrolls of remove curse
 X - a scroll of silence {unknown}
 Y - a scroll of acquirement
Potions
 h - 2 potions of resistance {unknown}
 z - a potion of brilliance
 T - a potion of flight
Books
 J - a book of Transfigurations

   Spells                             Type                      Level
   a - Stoneskin                      Transmutation/Earth          2
   b - Irradiate                      Conjuration/Transmutation    5
   c - Statue Form                    Transmutation/Earth          6
   d - Hydra Form                     Transmutation                6
   e - Dragon Form                    Transmutation                7
Comestibles
 f - a slice of pizza
 n - 3 bread rations
 C - 7 beef jerkies
 N - 5 chunks of flesh
 Z - a meat ration


   Skills:
 + Level 3.5 Fighting
 + Level 5.8 Dodging
 - Level 2.4 Stealth
 + Level 6.4 Spellcasting
 * Level 15.2 Conjurations
 + Level 8.5 Charms


You had 8 spell levels left.
You knew the following spells:

 Your Spells              Type           Power        Failure   Level  Hunger
a - Magic Dart            Conj           ####         0%          1    None
b - Searing Ray           Conj           ######       1%          2    None
c - Fulminant Prism       Conj/Hex       #####.....   1%          4    None
d - Swiftness             Chrm/Air       ####....     1%          2    None
e - Iskenderun's Battles  Conj/Chrm      ######..     1%          5    None


Dungeon Overview and Level Annotations

Branches:
Dungeon (10/15)            Temple (1/1) D:6            Lair (0/8) D:9
    Orc: D:9-12

Altars:
Ashenzari
Cheibriados
Dithmenos
Elyvilon
Fedhas
Gozag
Kikubaaqudgha
Makhleb
Nemelex Xobeh
Okawaru
Qazlal
Ru
Sif Muna
Trog
Vehumet
Xom
Yredelemnul
Zin
The Shining One

Shops:
D:5 [

Annotations:
D:4 !sky beast
D:5 Killerpretzel's ghost, amateur DECj
D:6 Menkaure; Prince Ribbit
D:8 1 runed door, Joseph


Innate Abilities, Weirdness & Mutations

Your muscles are strong. (Str +2)


Message History

Vehumet accepts your kill.
Evoking this partially-identified wand wasted a few charges.
The megabat barely misses you. The megabat misses you.
The megabat closely misses you. The megabat barely misses you.
The megabat hits you but does no damage.
You no longer feel sluggish.
The megabat closely misses you. x2
The megabat completely misses you.
The megabat hits you but does no damage.
The megabat hits you but does no damage.
The fire bat barely misses you. The megabat closely misses you.
The megabat misses you. The megabat barely misses you.
The fire bat closely misses you. The megabat closely misses you. x2
The megabat hits you but does no damage.
The fire bat bites you but does no damage.
The fire bat bites you.
* * * LOW HITPOINT WARNING * * *
You are engulfed in flames!
You die...

#......'........+ +........##
#.######........####........##
#.# #........)..+.#..........#
#.# #..........[#.#.######)..#
#.# #.............#.######..##
#.# #.......###.#<..#.......##
###'#######+#.#...#####.........
#......# #.#.#.##..............
#......# #.#.#@##.####.........
#......####.#.#b##.####.......[.
#..>...'......bbb.....+.........
#......######.#..#.####........[
#........# #.##.#..............
####'###.# #.##.######.........
#####.# #.# #.#....b.b.#...###..
#.)...# #.# #.#..#####h#...# #..
#.##### #.####.#..# #.#...# #..


You could see a fire bat and 3 megabats.

Vanquished Creatures
  Pikel (D:7)
  A hill giant (D:10)
  Maurice (D:9)
  An elephant (D:9)
  A two-headed ogre (D:9)
  A troll (D:9)
  A trapdoor spider (D:10)
  The ghost of Killerpretzel the Destroyer, an amateur DECj of Vehumet (D:6)
  4 hippogriffs
  A fire bat (D:8)
  4 yaks (D:10)
  4 orc warriors
  3 ogres (D:8)
  A black bear (D:6)
  3 sky beasts
  An eye of draining (D:9)
  2 ice beasts
  3 phantoms
  3 slaves (D:7)
  A wasp (D:8)
  3 centaurs
  A big kobold (D:7)
  A wyvern zombie (D:10)
  5 giant frogs
  A wyvern skeleton (D:10)
  3 scorpions
  9 wights (D:10)
  7 crimson imps
  4 giant frog skeletons
  2 jellies
  2 quasits
  A centaur skeleton (D:9)
  10 orc priests
  8 orc wizards
  3 iguanas
  6 hounds
  10 worker ants
  A killer bee zombie (D:7)
  2 sheep (D:9)
  A hound skeleton (D:4)
  A worker ant zombie (D:4)
  9 adders
  7 gnolls
  3 shadow imps
  An ooze (D:2)
  4 worms
  5 giant geckos
  49 orcs
  2 ball pythons (D:2)
  8 bats
  6 giant cockroaches
  8 hobgoblins
  16 jackals
  7 kobolds
  A giant cockroach zombie (D:5)
  2 giant gecko skeletons (D:4)
  4 giant newts
  4 goblins
  A quokka (D:9)
  7 rats
263 creatures vanquished.

Vanquished Creatures (others)
  2 gnolls (D:7)
  56 fulminant prisms
58 creatures vanquished.

Grand Total: 321 creatures vanquished

Notes
Turn   | Place    | Note
--------------------------------------------------------------
     0 | D:1      | Killerpretzel the Deep Elf Conjurer began the quest for the Orb.
     0 | D:1      | Reached XP level 1. HP: 10/10 MP: 6/6
   273 | D:1      | Reached XP level 2. HP: 13/15 MP: 0/8
   354 | D:1      | Learned a level 2 spell: Searing Ray
   514 | D:1      | Reached skill level 5 in Conjurations
  1004 | D:2      | Found a faded altar to an unknown god.
  1017 | D:2      | Reached XP level 3. HP: 19/19 MP: 5/9
  1172 | D:2      | Found a glowing silver altar of Zin.
  1181 | D:2      | Noticed an angel
  1194 | D:2      | Found a shimmering altar of Xom.
  1495 | D:2      | Found an ancient bone altar of Kikubaaqudgha.
  1552 | D:2      | Reached skill level 6 in Conjurations
  1622 | D:2      | Reached XP level 4. HP: 24/24 MP: 7/10
  1845 | D:2      | Learned a level 4 spell: Fulminant Prism
  2277 | D:2      | Reached XP level 5. HP: 15/28 MP: 5/11
  2357 | D:3      | Reached skill level 7 in Conjurations
  2507 | D:3      | Learned a level 2 spell: Swiftness
  3490 | D:4      | Reached skill level 8 in Conjurations
  3490 | D:4      | Reached XP level 6. HP: 32/32 MP: 7/12
  4388 | D:5      | Entered Level 5 of the Dungeon
  4436 | D:5      | Noticed Killerpretzel's ghost (amateur DECj)
  4894 | D:5      | Reached skill level 9 in Conjurations
  5014 | D:5      | Found Nyjez's Antique Armour Shop.
  5017 | D:5      | Bought a shiny helmet for 117 gold pieces
  5090 | D:5      | Reached XP level 7. HP: 29/36 MP: 1/13
  6745 | D:6      | Reached skill level 10 in Conjurations
  7038 | D:6      | Killed Killerpretzel's ghost
  7253 | D:5      | Reached skill level 11 in Conjurations
  7253 | D:5      | Reached XP level 8. HP: 38/41 MP: 0/14
  7850 | D:6      | Found a staircase to the Ecumenical Temple.
  7865 | Temple   | Entered the Ecumenical Temple
  7963 | Temple   | Became a worshipper of Vehumet
  8052 | Temple   | Identified a scroll of acquirement
  8177 | D:7      | Reached skill level 12 in Conjurations
  9371 | D:7      | Noticed Menkaure
  9796 | Temple   | Gained mutation: Your muscles are strong. (Str +2) [potion of beneficial mutation]
 10132 | D:4      | Reached skill level 13 in Conjurations
 10421 | D:7      | Noticed Prince Ribbit
 10460 | D:7      | Reached XP level 9. HP: 29/45 MP: 9/15
 10774 | D:7      | Noticed Pikel
 11736 | Temple   | Learned a level 5 spell: Iskenderun's Battlesphere
 11857 | D:7      | Reached skill level 1 in Charms
 12198 | D:7      | Killed Pikel
 12562 | D:8      | Found an opulent altar of Gozag.
 12665 | D:8      | Reached * piety under Vehumet
 12665 | D:8      | Offered knowledge of Sting by Vehumet.
 12665 | D:8      | Reached skill level 1 in Fighting
 12665 | D:8      | Reached skill level 14 in Conjurations
 12743 | D:8      | Reached skill level 5 in Charms
 12985 | D:8      | Noticed Joseph
 13349 | D:8      | You fall through a shaft for 2 floors!
 13349 | D:10     | Entered Level 10 of the Dungeon
 13518 | D:10     | Got a brightly glowing hat
 13542 | D:10     | Identified the +0 hat of Moajuok {+Fly MR- Int+2} (You found it on level 10 of the Dungeon)
 13655 | D:10     | Reached XP level 10. HP: 53/53 MP: 9/18
 14023 | D:9      | Noticed an elephant
 14443 | D:10     | Reached skill level 5 in Spellcasting
 14552 | D:10     | Offered knowledge of Freeze by Vehumet.
 14571 | D:10     | Reached ** piety under Vehumet
 14901 | D:10     | Noticed a hill giant
 14906 | D:10     | Killed a hill giant
 14906 | D:10     | Reached skill level 5 in Dodging
 15327 | D:9      | Reached skill level 15 in Conjurations
 15477 | D:9      | Killed an elephant
 15477 | D:9      | Offered knowledge of Throw Flame by Vehumet.
 15617 | D:9      | Found a staircase to the Lair.
 15709 | D:9      | Noticed Maurice
 15721 | D:9      | Killed Maurice
 15721 | D:9      | Reached XP level 11. HP: 55/60 MP: 4/22
 15849 | D:9      | Found a sacrificial altar of Ru.
 15903 | D:9      | Found a burning altar of Makhleb.
 15903 | D:9      | Found an iron altar of Okawaru.
 15909 | D:9      | Found a blossoming altar of Fedhas.
 16246 | D:8      | Reached *** piety under Vehumet
 16309 | D:8      | Found a runed door.
 16356 | D:8      | Slain by a fire bat

Action                   |  1- 3 |  4- 6 |  7- 9 | 10-12 || total
-------------------------+-------+-------+-------+-------++-------
Melee: Short sword       |     2 |       |    16 |       ||    18
       Staff             |       |       |     7 |       ||     7
       Trident           |       |       |     7 |       ||     7
Throw: Stone             |       |     4 |       |       ||     4
       Tomahawk          |       |       |     7 |     2 ||     9
 Cast: Magic Dart        |    67 |    94 |   184 |    74 ||   419
       Searing Ray       |     2 |    19 |    45 |    18 ||    84
       Fulminant Prism   |       |     7 |    36 |    14 ||    57
       Swiftness         |       |     2 |     3 |     1 ||     6
       Iskenderun's Batt |       |       |    19 |    41 ||    60
Evoke: Wand              |       |       |     9 |     3 ||    12
       Staff of energy   |       |       |     1 |       ||     1
  Use: Potion            |     2 |     7 |     8 |     2 ||    19
       Scroll            |     1 |     8 |     9 |       ||    18
  Eat: Chunk             |     2 |    12 |    17 |     8 ||    39
       Fruit             |       |       |     7 |       ||     7
       Pizza             |       |       |     1 |       ||     1
       Beef jerky        |       |       |     1 |       ||     1
